 Dungeon Crawl Stone Soup version 0.18-a0-1789-gbeff17f (webtiles) character file.

165 Zhenya25pyc the Skirmisher (level 5, -3/33 HPs)
             Began as a Gargoyle Fighter on Apr 21, 2016.
             Killed by nerve-wracking pain
             ... invoked by M4edhros's ghost
              (14 damage)
             ... on level 4 of the Dungeon.
             The game lasted 00:05:25 (2565 turns).

Zhenya25pyc the Skirmisher (Gargoyle Fighter)       Turns: 2565, Time: 00:05:26

Health: -3/33      AC: 15    Str: 21    XL:     5   Next: 46%
Magic:  5/5        EV:  3    Int:  8    God:
Gold:   127        SH:  9    Dex:  9    Spells: 0 memorised, 4 levels left

rFire  . . .     SeeInvis .     a - +0 flail
rCold  . . .     Gourm    .     u - +0 plate armour
rNeg   + . .     Faith    .     c - +0 shield
rPois  ∞         Spirit   .     (no helmet)
rElec  +         Dismiss  .     (no cloak)
rCorr  .         Reflect  .     (no gloves)
SustAt +         Harm     .     (no boots)
MR     .....                    s - amulet of inaccuracy (curse)
Stlth  ..........               o - ring of sustain attributes
                                k - ring of loudness (curse)

@: not resistant to hostile enchantments, extremely unstealthy
A: negative energy resistance 1, electricity resistance, unbreathing,
petrification resistance, rot immunity, AC +4
a: no special abilities


You were on level 4 of the Dungeon.
You were not hungry.

You visited 1 branch of the dungeon, and saw 4 of its levels.

You collected 127 gold pieces.

Inventory:

Hand Weapons
 a - a +0 flail (weapon)
Armour
 c - a +0 shield (worn)
 u - a +0 plate armour (worn)
Jewellery
 k - a cursed ring of loudness (left hand)
 o - a ring of sustain attributes (right hand)
 s - a cursed amulet of inaccuracy (around neck)
Scrolls
 g - a scroll of blinking {unknown}
 j - 9 scrolls of identify {unknown}
 l - 2 scrolls of remove curse {unknown}
 p - 2 scrolls of amnesia {unknown}
 q - a scroll of enchant weapon {unknown}
 r - a scroll of immolation {unknown}
 x - a scroll of enchant armour {unknown}
 y - a scroll of recharging {unknown}
 B - 2 scrolls of teleportation {unknown}
Potions
 b - 2 potions of magic {unknown}
 d - a potion of might
 e - 3 potions of lignification {unknown}
 h - 2 potions of agility {unknown}
 i - a potion of flight {unknown}
 n - a potion of heal wounds {unknown}
 t - a potion of resistance {unknown}
 v - a potion of invisibility {unknown}
 z - a potion of berserk rage {unknown}
Books
 A - a book of Debilitation

   Spells                             Type                      Level
   a - Corona                         Hexes                        1
   b - Slow                           Hexes                        2
   c - Gell's Gravitas                Hexes/Translocation          3
   d - Inner Flame                    Hexes/Fire                   3
   e - Cause Fear                     Hexes                        4
   f - Leda's Liquefaction            Hexes/Earth                  4
Comestibles
 f - a bread ration
 m - 3 meat rations
 w - a royal jelly


   Skills:
 + Level 4.2 Fighting
 * Level 4.1 Maces & Flails
 + Level 4.2 Armour
 - Level 3.2 Shields


You had 4 spell levels left.
You didn't know any spells.

Dungeon Overview and Level Annotations

Branches:
Dungeon (4/15)
 Temple: D:4-7

Altars:
Dithmenos

Annotations:
D:4 M4edhros's ghost, novice OpNe


Innate Abilities, Weirdness & Mutations

You are resistant to torment.
Your stone body is resilient (AC +4).
You are immune to poison.
You resist negative energy.
You are resistant to electric shocks.
You can survive without breathing.
You are immune to petrification.
You are immune to rotting.


Message History

M4edhros's ghost hits you but does no damage.
M4edhros's ghost barely misses you.
Your shield and plate armour prevent you from hitting M4edhros's ghost.
M4edhros's ghost is moderately damaged.
M4edhros's ghost hits you but does no damage.
You closely miss M4edhros's ghost.
M4edhros's ghost is moderately damaged.
M4edhros's ghost hits you but does no damage.
You closely miss M4edhros's ghost.
M4edhros's ghost is moderately damaged.
M4edhros's ghost hits you but does no damage.
You barely miss M4edhros's ghost.
M4edhros's ghost is moderately damaged.
M4edhros's ghost hits you but does no damage. x2
Your shield and plate armour prevent you from hitting M4edhros's ghost.
M4edhros's ghost is moderately damaged.
M4edhros's ghost sneers, "Only the weak need weapons."
M4edhros's ghost casts a spell at you. Pain shoots through your body!
You die...

#'###.. .#
...(...#.#
........#.##
...........
..........#
...$.#....#
..........#
.........W#
#.......@# #
+......### .#
#......######.### #
#...)............ #
...................
#
.#...(.............#
#
#.................#
#
#.................#
#
###+###...........#


You could see M4edhros's ghost.

Vanquished Creatures
  A hound (D:4)
  A centaur skeleton (D:4)
  3 adders (D:3)
  2 oozes
  2 worms
  2 dart slugs
  A giant gecko (D:3)
  4 giant cockroaches
  8 hobgoblins
  8 jackals
  6 kobolds
  A ball python (D:2)
  8 bats
  7 giant newts
  6 goblins
  5 rats
65 creatures vanquished.

Notes
Turn   | Place    | Note
--------------------------------------------------------------
     0 | D:1      | Zhenya25pyc the Gargoyle Fighter began the quest for the Orb.
     0 | D:1      | Reached XP level 1. HP: 14/14 MP: 1/1
   263 | D:1      | Reached XP level 2. HP: 18/19 MP: 2/2
   495 | D:1      | Reached XP level 3. HP: 23/24 MP: 3/3
  1355 | D:3      | Found a shadowy altar of Dithmenos.
  1422 | D:3      | Reached XP level 4. HP: 24/29 MP: 4/4
  2441 | D:4      | Reached XP level 5. HP: 20/33 MP: 5/5
  2526 | D:4      | Noticed M4edhros's ghost (novice OpNe)
  2565 | D:4      | Killed from afar by M4edhros's ghost

Vault maps used:
D:1:      dpeg_arrival_ternary
D:3:      grunt_dithmenos_smoke
D:4:      lemuel_blue_sif_altar, first_bread, glass_columns_a,
          vehumet_altar_wand_db

Skill      XL: |  1  2  3  4 |
---------------+-------------+-----
Maces & Flails | 3 4 |  4.1
Armour         | 4 |  4.2
Fighting       | 4 |  4.2
Shields        | |  3.2

Action                   |  1- 3 |  4- 6 || total
-------------------------+-------+-------++-------
Melee: Flail             |   249 |   503 ||   752
 Stab: Distracted        |       |     1 ||     1
  Eat: Chunk             |     1 |     3 ||     4
       Bread ration      |       |     1 ||     1
Armor: Scale mail        |    92 |       ||    92
       Plate armour      |    74 |   417 ||   491
Dodge: Dodged            |    73 |    70 ||   143
Block: Shield            |   150 |   294 ||   444
